 Dungeon Crawl Stone Soup version 0.29-a0-1019-g84f7d21838 (webtiles) character file.

Game seed: 7957981141695737486

99 Manisian the Digger (level 4, 0/24 HPs)
             Began as a Gargoyle Earth Elementalist on Aug 10, 2022.
             Slain by a river rat (3 damage)
             ... in a sewer.
             The game lasted 00:05:29 (2466 turns).

Manisian the Digger (Gargoyle Earth Elementalist)   Turns: 2466, Time: 00:05:29

Health: 0/24       AC:  5    Str: 12    XL:     4   Next: 72%
Magic:  4/8        EV: 12    Int: 17    God:
Gold:   104        SH:  0    Dex: 10    Spells: 4/9 levels left

rFire   . . .      SeeInvis .   (no weapon)
rCold   . . .      Faith    .   (no shield)
rNeg    + . .      Spirit   .   a - +0 robe
rPois   ∞          Reflect  .   (no helmet)
rElec   +          Harm     .   (no cloak)
rCorr   .          Rampage  .   (no gloves)
Will    .....                   (no boots)
Stlth   +.........              (no amulet)
HPRegen 0.08/turn               (no ring)
MPRegen 0.11/turn               (no ring)

@: swift (expiring), very slow
A: sickness immunity, AC +3, negative energy resistance 1, electricity
resistance, torment resistance 1, petrification resistance
a: no special abilities


You were in a sewer.
You visited 1 branch of the dungeon, and saw 3 of its levels.
You also visited: Sewer.

You collected 104 gold pieces.

Inventory:

Armour
 a - a +0 robe (worn)
Scrolls
 e - a scroll of torment
 i - a scroll of identify
Potions
 b - a potion of magic
 c - 2 potions of curing {unknown}
 d - a potion of degeneration
 f - a potion of cancellation {unknown}
 g - a potion of haste {unknown}
 h - a potion of berserk rage {unknown}


   Skills:
 + Level 1.6 Dodging
 + Level 2.2 Stealth
 + Level 3.0 Spellcasting
 + Level 0.1 Conjurations
 + Level 0.7 Transmutations
 * Level 0.1 Air Magic
 + Level 5.4 Earth Magic


You had 4 spell levels left.
You knew the following spells:

 Your Spells              Type           Power      Damage    Failure   Level
a - Sandblast             Erth           42%        2d11      1%          1
b - Shock                 Conj/Air       12%        1d3       17%         1
c - Swiftness             Air            3%         N/A       43%         3

Your spell library contained the following spells:

 Spells                   Type           Power      Damage    Failure   Level
 Passwall                 Tmut/Erth      10%        N/A       8%          2
 Stone Arrow              Conj/Erth      24%        3d8       17%         3
 Ensorcelled Hibernation  Hex/Ice        4%         N/A       26%         2
 Petrify                  Tmut/Erth      13%        N/A       43%         4
 Dazzling Flash           Conj/Hex       4%         N/A       45%         3
 Airstrike                Air            1%         2d(1-17)  85%         4
 Iskenderun's Mystic Bla  Conj/Tloc      2%         2d3       86%         4
 Starburst                Conj/Fire      1%         6d3       100%        6


Dungeon Overview and Level Annotations

Branches:
Dungeon (3/15)              Sewer (1/1)

Altars:


Innate Abilities, Weirdness & Mutations

You are immune to sickness and miasma.
Your stone body is resilient. (AC +3)
You are immune to poison.
You resist negative energy. (rN+)
You are resistant to electric shocks. (rElec)
You are resistant to unholy torment.
You are immune to petrification.


Message History

Aiming: Sandblast (safe; 1% risk of failure)
Press: ? - help, Shift-Dir - straight line, f - frilled lizard
Aim: a frilled lizard (72% to hit)
The blast of sand hits the frilled lizard.
You kill the frilled lizard!
A river rat comes into view.
The river rat moves out of view.
You enter the shallow water.
Moving in this stuff is going to be slow.
Found a viscous black potion and a scroll of identify.
The blast of sand hits the river rat.
The river rat is lightly wounded.
The river rat barely misses you. The river rat bites you.
You enter the shallow water.
Moving in this stuff is going to be slow.
A rat comes into view.
The blast of sand hits the river rat but does no damage.
The river rat is lightly wounded.
The river rat bites you but does no damage.
The river rat completely misses you.
The blast of sand hits the river rat.
The river rat is moderately wounded.
The river rat bites you. The river rat bites you!
You are too injured to fight recklessly!
Casting: Sandblast (safe; 1% risk of failure)
Confirm with . or Enter, or press ? or * to list all spells.
The spell is astonishingly dangerous to miscast (43% risk of failure)!
Continue anyway?
The water foams!
You feel quick.
The river rat twitches its whiskers.
The river rat bites you!
* * * LOW HITPOINT WARNING * * *
The river rat completely misses you.
The river rat twitches its whiskers.
You enter the shallow water.
Moving in this stuff is going to be slow.
You start to feel a little slower.
You enter the shallow water.
Moving in this stuff is going to be slow.
The river rat bites you.
You die...

## ## #.#.#
######.#########################
~!~~..~~~...~~~~~~~~.~~...~~....~
~?~~~.~~....~r~r@~~~~~~.~~.~.~~~~
#################################


You could see a river rat and a rat.

Vanquished Creatures
  2 adders
  A river rat (D:3)
  2 worms
  4 dart slugs
  An orc (D:3)
  6 ball pythons
  7 endoplasms
  3 giant cockroaches (D:3)
  4 goblins
  A hobgoblin (D:2)
  6 jackals (D:2)
  2 bats (D:1)
  6 frilled lizards
  8 kobolds
  3 rats (D:3)
56 creatures vanquished.

Notes
Turn   | Place    | Note
-------+----------+-------------------------------------------
     0 | D:1      | Manisian the Gargoyle Earth Elementalist began the quest
                  | for the Orb.
     0 | D:1      | Reached XP level 1. HP: 10/10 MP: 3/3
   456 | D:1      | Reached skill level 4 in Earth Magic
   456 | D:1      | Reached XP level 2. HP: 12/15 MP: 0/5
  1100 | D:2      | Reached XP level 3. HP: 17/19 MP: 3/6
  1720 | D:2      | Reached skill level 5 in Earth Magic
  1844 | D:2      | Reached XP level 4. HP: 24/24 MP: 6/8
  1892 | D:2      | Learned a level 3 spell: Swiftness
  1894 | D:2      | Learned a level 1 spell: Shock
  2219 | D:3      | Found a glowing drain.
  2229 | Sewer    | Entered a sewer
  2466 | Sewer    | Slain by a river rat

Illustrated notes

Levels and vault maps discovered:
D:1:      psy_arrival_whirlpool, layout_basic
D:2:      layout_loops_ring
D:3:      layout_basic, portal_sewer_entry_e, minmay_tree_intersection,
          uniq_natasha
Sewer:    sewer_co_cracked_pipes

Skill      XL: |  1  2  3  4 |
---------------+-------------+-----
Earth Magic    | 4 5 |  5.4
Spellcasting   | 3 |  3.0
Dodging        | |  1.6
Stealth        | |  2.2
Conjurations   | |  0.1
Transmutations | |  0.7
Air Magic      | |  0.1

Action                   |  1- 3 |  4- 6 || total
-------------------------+-------+-------++-------
Melee: Unarmed           |     1 |     1 ||     2
 Cast: Sandblast         |    52 |    31 ||    83
       Shock             |       |     4 ||     4
       Swiftness         |       |     1 ||     1
  Use: Scroll            |     2 |     2 ||     4
Armor: Robe              |     8 |     8 ||    16
Dodge: Dodged            |     5 |    20 ||    25

Table legend: (Time is in decaauts)
 A = Elapsed time spent in this place.
 B = Non-inter-level travel time spent in this place.
 C = Inter-level travel time spent in this place.
 D = Time resting spent in this place.
 E = Time spent auto-exploring this place.
 F = Levels seen in this place.
 G = Mean time per level.
                   A        B        C        D        E       F      G
               +--------+--------+--------+--------+--------+-----+--------+
         Total |   2562 |   2503 |     59 |    214 |   1740 |   4 |  640.5 |
       Dungeon |   2311 |   2252 |     59 |     19 |   1740 |   3 |  770.3 |
         Sewer |    251 |    251 |      0 |    195 |      0 |   1 |  251.0 |
               +--------+--------+--------+--------+--------+-----+--------+

Top non-repeatable levels by time:
     D:1: 1125 daAuts
     D:2: 875 daAuts
     D:3: 310 daAuts
   Sewer: 251 daAuts
